Mustangs vs Little Stars
(R1)
Created - January 17, 2018 at 22:44
Goals
|
Mustangs |
3 |
1 |
3 |
0 |
7 |
Little Stars |
2 |
1 |
4 |
1 |
8 |
|
Shots
|
Mustangs |
12 |
6 |
19 |
0 |
37 |
Little Stars |
20 |
11 |
13 |
4 |
48 |
|
1st period
1. Mustangs , Brady Skjei 4 (Josh Jooris 33, Riley Sheahan 47) at 6:00 (PP)
2. Mustangs , Tomas Tatar 15 (Andrew Shaw 15, Jim O'Brien 17) at 11:11
3. Mustangs , Riley Sheahan 27 (Josh Jooris 34, Derek Joslin 17) at 13:49
4. Little Stars , Brian Flynn 13 (Andrej Sustr 15, Alex Chiasson 40) at 16:51 (PP)
5. Little Stars , Jesse Joensuu 24 (Yannick Weber 13, Alex Chiasson 41) at 17:49 (PP)
Penalties :
Tyler Wotherspoon (Tex) for Holding (Minor) at 3:36, Robert Klinkhammer (Tex) for High sticking (Minor) at 5:56, Jerome Samson (Ham) for Hooking (Minor) at 16:40, Scott Mayfield (Ham) for Interference (Minor) at 17:38, Mathieu Perreault (Tex) for Delaying the game (Minor) at 18:43
2nd period
6. Little Stars , Hugh Jessiman 5 (Dana Tyrell 23, Alex Chiasson 42) at 3:40
7. Mustangs , Josh Jooris 33 (Riley Sheahan 48) at 7:26
Penalties :
Josh Jooris (Ham) for Hooking (Minor) at 10:17, Brady Skjei (Ham) for Tripping (Minor) at 16:47
3rd period
8. Little Stars , Yannick Weber 4 (Jesse Joensuu 23, Alex Chiasson 43) at 0:14
9. Little Stars , Alex Chiasson 32 (Jesse Joensuu 24, Yannick Weber 14) at 0:26
10. Little Stars , Jesse Joensuu 25 (Alex Chiasson 44, Andrej Sustr 16) at 1:06
11. Little Stars , Jesse Joensuu 26 (Brian Flynn 31) at 3:04 (PP)
12. Mustangs , Justin Williams 6 (Joshua Leivo 5, Derek Joslin 18) at 8:30
13. Mustangs , Andrew Shaw 17 (Tomas Tatar 11, Brady Skjei 24) at 12:48
14. Mustangs , Andrew Shaw 18 (Justin Williams 8, Marcus Foligno 29) at 19:09
Penalties :
Marcus Foligno (Ham) for Delaying the game (Minor) at 2:56, Yannick Weber (Tex) for High sticking (Minor) at 8:33, Brady Skjei (Ham) for Holding (Minor) at 17:32, Robert Klinkhammer (Tex) for Interference (Minor) at 18:00
Overtime #1
15. Little Stars , Hugh Jessiman 6 (Jesse Joensuu 25) at 3:29
Penalties :
No Penalty
Goalie Stats
Chet Pickard (Ham), 40 saves from 48 shots - (0.833), OTL, 7-1-4, 63:05 minutes
Peter Delmas (Tex), 30 saves from 37 shots - (0.811), W, 4-2-0, 63:29 minutes
Players Stats for Mustangs
Player Name G A P +/- PIM S H SB GA TA FO MP PP MP PK MP
------------------------------------------------------------------------------------
Andreas Athanasiou 0 0 0 1 0 0 1 0 0 0 1/4 12:05 0:00 1:22
Andrew Shaw 2 1 3 3 0 4 0 0 0 0 1/2 16:22 2:53 0:00
Brady Skjei 1 1 2 0 4 6 0 0 0 0 0/0 28:49 4:13 1:48
Cameron Gaunce 0 0 0 -2 0 2 1 3 2 1 0/0 23:01 2:26 1:57
Curtis Hamilton 0 0 0 -1 0 0 0 0 0 0 0/0 6:59 0:00 0:00
Denis Bodrov 0 0 0 3 0 0 0 0 0 0 0/0 12:17 0:00 0:35
Derek Joslin 0 2 2 0 0 1 2 4 1 2 0/0 30:29 4:31 2:57
Jerome Samson 0 0 0 -1 2 0 0 0 0 0 0/0 7:10 0:02 0:00
Jim O'Brien 0 1 1 1 0 3 2 0 0 0 7/12 17:31 2:53 0:39
Josh Jooris 1 2 3 -1 2 1 2 0 0 0 1/1 19:58 3:24 0:00
Joshua Leivo 0 1 1 1 0 0 0 1 0 0 0/0 11:32 0:02 0:37
Justin Williams 1 1 2 2 0 2 3 0 0 0 0/0 11:05 0:00 0:00
Marcus Foligno 0 1 1 -1 2 3 3 1 0 0 0/1 25:51 3:34 2:44
Mark Pysyk 0 0 0 -2 0 2 1 2 0 1 0/0 20:30 1:58 2:17
Riley Nash 0 0 0 -1 0 2 0 1 0 0 1/3 6:59 0:00 0:00
Riley Sheahan 1 2 3 -1 0 5 1 0 0 1 26/50 26:18 3:36 2:55
Scott Mayfield 0 0 0 3 2 0 0 1 0 1 0/0 12:00 0:00 0:18
Tomas Tatar 1 1 2 1 0 6 2 1 0 0 0/0 18:27 2:53 1:35
Players Stats for Little Stars
Player Name G A P +/- PIM S H SB GA TA FO MP PP MP PK MP
------------------------------------------------------------------------------------
Alex Chiasson 1 5 6 -1 0 2 1 1 1 0 7/19 26:14 2:56 3:42
Alexander Khokhlachev 0 0 0 0 0 0 0 0 0 0 0/0 0:00 0:00 0:00
Alexander Vasyunov 0 0 0 -1 0 0 0 0 0 0 0/0 9:48 0:00 0:00
Andrej Sustr 0 2 2 1 0 4 1 2 0 0 0/0 28:09 3:13 4:08
Anthony Camara 0 0 0 0 0 0 0 0 0 0 0/0 0:28 0:00 0:27
Brian Flynn 1 1 2 -1 0 3 9 0 1 1 16/29 26:13 2:56 3:42
Dana Tyrell 0 1 1 1 0 4 0 0 0 0 3/9 15:02 1:57 0:00
Daniel Catenacci 0 0 0 0 0 0 0 0 0 0 0/0 0:55 0:03 0:00
Daniel O'regan 0 0 0 0 0 1 0 0 0 0 2/2 7:24 0:00 0:08
Dillon Simpson 0 0 0 0 0 0 0 0 0 0 0/0 0:00 0:00 0:00
Duncan Siemens 0 0 0 0 0 0 0 0 0 0 0/0 5:23 0:00 0:00
Hugh Jessiman 2 0 2 1 0 5 0 0 0 0 1/2 18:39 1:57 2:12
Jesper Fast 0 0 0 -1 0 3 1 0 1 0 0/0 10:08 0:03 0:00
Jesse Joensuu 3 3 6 -1 0 11 3 3 0 1 2/2 23:07 2:56 2:12
Mathieu Perreault 0 0 0 -1 2 2 1 0 0 0 3/8 9:48 0:00 0:00
Michael Mersch 0 0 0 0 0 1 0 0 0 0 0/0 7:51 0:00 0:35
Nail Yakupov 0 0 0 0 0 2 0 0 0 0 0/0 7:15 0:00 0:00
Reece Willcox 0 0 0 -2 0 1 0 0 0 0 0/0 9:06 0:00 0:00
Robert Klinkhammer 0 0 0 1 4 6 1 1 1 0 2/2 15:00 1:56 0:00
Scott Harrington 0 0 0 -2 0 0 0 0 0 1 0/0 11:14 0:00 2:05
Scott Kosmachuck 0 0 0 0 0 0 0 0 1 0 0/0 0:59 0:03 0:00
Tyler Wotherspoon 0 0 0 0 2 0 0 2 0 0 0/0 20:03 1:43 1:34
Tyson Barrie 0 0 0 0 0 0 1 1 0 0 0/0 20:51 1:43 2:21
Ville Pokka 0 0 0 0 0 0 0 0 0 0 0/0 5:23 0:00 0:00
Yannick Weber 1 2 3 1 2 3 3 3 1 0 0/0 26:51 3:13 2:50
3 Stars
1 - Jesse Joensuu (Tex)
2 - Alex Chiasson (Tex)
3 - Andrew Shaw (Ham)
Power Play
Mustangs - 1 on 5 Attempt(s) - 20.00%
Little Stars - 3 on 6 Attempt(s) - 50.00%
Penalty Kill
Mustangs - 3 on 6 Attempt(s) - 50.00%
- Score 0 goal in Penalty Kill
Little Stars - 4 on 5 Attempt(s) - 80.00%
- Score 0 goal in Penalty Kill
Team Stat
Mustangs - Hits : 18 - Faceoff Wins : 37 - Blocked Shots : 14 - Penalty Minutes : 12
Little Stars - Hits : 21 - Faceoff Wins : 36 - Blocked Shots : 13 - Penalty Minutes : 10
Official
Referees : Fraser Kerry and McCauley Wes
Linesman : Pierre Racicot and Jay Sharrers
Game Notes
Jesse Joensuu has scored a Hat Trick!
Finance
Level 1 -- Attendance: 1362 (68.10%) -- Ticket Income $47,670
Level 2 -- Attendance: 778 (77.80%) -- Ticket Income $15,560
Total Attendance: 2140 (71.33%)
Total Ticket Income: $63,230
Other Income: $3,162
Total Income: $66,392
Mustangs
5 vs 5 Forward
Center Left Wing Right Wing Time % Phy DF OF
1 Riley Sheahan Marcus Foligno Josh Jooris 40 1 2 2
2 Jim O'Brien Tomas Tatar Andrew Shaw 30 1 2 2
3 Andreas Athanasiou Joshua Leivo Justin Williams 20 1 2 2
4 Riley Nash Curtis Hamilton Jerome Samson 10 1 2 2
5 vs 5 Defense
Defense Defense Time % Phy DF OF
1 Derek Joslin Brady Skjei 44 1 2 2
2 Cameron Gaunce Mark Pysyk 33 1 2 2
3 Denis Bodrov Scott Mayfield 23 1 2 2
4 Derek Joslin Brady Skjei 0 1 2 2
PowerPlay Forward
Center Left Wing Right Wing Time % Phy DF OF
1 Riley Sheahan Marcus Foligno Josh Jooris 60 1 2 2
2 Jim O'Brien Tomas Tatar Andrew Shaw 40 1 2 2
PowerPlay Defense
Defense Defense Time % Phy DF OF
1 Derek Joslin Brady Skjei 60 1 2 2
2 Cameron Gaunce Mark Pysyk 40 1 2 2
Penalty Kill 4 Players Forward
Center Wing Time % Phy DF OF
1 Riley Sheahan Marcus Foligno 60 1 2 2
2 Jim O'Brien Tomas Tatar 40 1 2 2
Penalty Kill 4 Players Defense
Defense Defense Time % Phy DF OF
1 Derek Joslin Brady Skjei 60 1 2 2
2 Cameron Gaunce Mark Pysyk 40 1 2 2
Penalty Kill - 3 Players Forward
Forward Time % Phy DF OF
1 Riley Sheahan 60 1 2 2
2 Jim O'Brien 40 1 2 2
Penalty Kill - 3 Players Defense
Defense Defense Time % Phy DF OF
1 Derek Joslin Brady Skjei 60 1 2 2
2 Cameron Gaunce Mark Pysyk 40 1 2 2
4 vs 4 Forward
Center Wing Time % Phy DF OF
1 Riley Sheahan Marcus Foligno 60 1 2 2
2 Jim O'Brien Tomas Tatar 40 1 2 2
4 vs 4 Defense
Defense Defense Time % Phy DF OF
1 Derek Joslin Brady Skjei 60 1 2 2
2 Cameron Gaunce Mark Pysyk 40 1 2 2
Last Minutes Offensive
Center Left Wing Right Wing Defense Defense
Riley Sheahan Marcus Foligno Josh Jooris Derek Joslin Brady Skjei
Last Minutes Defensive
Center Left Wing Right Wing Defense Defense
Riley Sheahan Marcus Foligno Josh Jooris Derek Joslin Brady Skjei
Goaltenders
Starting : Chet Pickard
Backup : Peter Mannino
Extra Forwards
Normal : Riley Sheahan, Andrew Shaw, Justin Williams - PP : Riley Sheahan, Andrew Shaw - PK : Marcus Foligno
Extra Defensemen
Normal : Cameron Gaunce, Denis Bodrov, Derek Joslin - PP : Cameron Gaunce - PK : Denis Bodrov, Mark Pysyk
Penalty Shots
Andreas Athanasiou, Jim O'Brien, Andrew Shaw, Marcus Foligno, Josh Jooris
Scratches
Roman Horak (Healthy), Alexei Marchenko (Torn Left Knee Ligaments Injury), Dominik Uher (Healthy), Joe Finley (Healthy), Eric Knodel (Healthy)
Matthew Finn (Healthy), Danny Biega (Healthy), Raphael Bussieres (Healthy), Sam Kurker (Healthy), Max Gortz (Healthy)
Rick Schofield (Right Ankle Injury), Francis Paré (Healthy), Justin Peters (Healthy), Joacim Eriksson (Healthy)
Little Stars
5 vs 5 Forward
Center Left Wing Right Wing Time % Phy DF OF
1 Brian Flynn Jesse Joensuu Alex Chiasson 40 1 2 2
2 Dana Tyrell Robert Klinkhammer Hugh Jessiman 30 1 2 2
3 Mathieu Perreault Alexander Vasyunov Jesper Fast 20 1 2 2
4 Daniel O'regan Michael Mersch Nail Yakupov 10 1 2 2
5 vs 5 Defense
Defense Defense Time % Phy DF OF
1 Andrej Sustr Yannick Weber 40 1 2 2
2 Tyson Barrie Tyler Wotherspoon 30 1 2 2
3 Scott Harrington Reece Willcox 20 1 2 2
4 Duncan Siemens Ville Pokka 10 1 2 2
PowerPlay Forward
Center Left Wing Right Wing Time % Phy DF OF
1 Brian Flynn Jesse Joensuu Alex Chiasson 60 1 2 2
2 Dana Tyrell Robert Klinkhammer Hugh Jessiman 40 1 2 2
PowerPlay Defense
Defense Defense Time % Phy DF OF
1 Andrej Sustr Yannick Weber 60 1 2 2
2 Tyson Barrie Tyler Wotherspoon 40 1 2 2
Penalty Kill 4 Players Forward
Center Wing Time % Phy DF OF
1 Alex Chiasson Brian Flynn 60 1 2 2
2 Hugh Jessiman Jesse Joensuu 40 1 2 2
Penalty Kill 4 Players Defense
Defense Defense Time % Phy DF OF
1 Andrej Sustr Yannick Weber 60 1 2 2
2 Tyson Barrie Tyler Wotherspoon 40 1 2 2
Penalty Kill - 3 Players Forward
Forward Time % Phy DF OF
1 Alex Chiasson 60 1 2 2
2 Brian Flynn 40 1 2 2
Penalty Kill - 3 Players Defense
Defense Defense Time % Phy DF OF
1 Andrej Sustr Yannick Weber 60 1 2 2
2 Tyson Barrie Tyler Wotherspoon 40 1 2 2
4 vs 4 Forward
Center Wing Time % Phy DF OF
1 Alex Chiasson Brian Flynn 60 1 2 2
2 Hugh Jessiman Jesse Joensuu 40 1 2 2
4 vs 4 Defense
Defense Defense Time % Phy DF OF
1 Andrej Sustr Yannick Weber 60 1 2 2
2 Tyson Barrie Tyler Wotherspoon 40 1 2 2
Last Minutes Offensive
Center Left Wing Right Wing Defense Defense
Brian Flynn Jesse Joensuu Alex Chiasson Andrej Sustr Yannick Weber
Last Minutes Defensive
Center Left Wing Right Wing Defense Defense
Brian Flynn Jesse Joensuu Alex Chiasson Andrej Sustr Yannick Weber
Goaltenders
Starting : Peter Delmas
Backup : Jhonas Enroth
Extra Forwards
Normal : Scott Kosmachuck, Daniel Catenacci, Anthony Camara - PP : Scott Kosmachuck, Daniel Catenacci - PK : Anthony Camara
Extra Defensemen
Normal : Dillon Simpson, Scott Harrington, Reece Willcox - PP : Dillon Simpson - PK : Scott Harrington, Reece Willcox
Penalty Shots
Alex Chiasson, Brian Flynn, Hugh Jessiman, Jesse Joensuu, Dana Tyrell
Scratches
Niklas Hjalmarsson (Bruised Left Shoulder Injury), Phil Oreskovic (Right Forearm Injury), Laurent Brossoit (Healthy), Anthony Stolarz (Healthy)
% Time on Ice - Mustangs
Lines # - Real PCT - Wanted PCT - Time Play
Normal Forward
1 - 36% - 40% - 16:46
2 - 27% - 30% - 12:36
3 - 23% - 20% - 10:43
4 - 15% - 10% - 6:59
Normal Defense
1 - 44% - 44% - 20:41
2 - 32% - 33% - 14:54
3 - 24% - 23% - 11:29
4 - 0% - 0% - 0:00
PP Forward
1 - 56% - 60% - 3:36
2 - 44% - 40% - 2:53
PP Defense
1 - 70% - 60% - 4:31
2 - 30% - 40% - 1:58
PK Forward
1 - 88% - 60% - 4:20
2 - 12% - 40% - 0:36
PK Defense
1 - 60% - 60% - 2:59
2 - 40% - 40% - 1:57
PK3 Forward
1 - 0% - 60%
2 - 0% - 40%
PK3 Defense
1 - 0% - 60%
2 - 0% - 40%
44 Forward
1 - 72% - 60% - 3:37
2 - 28% - 40% - 1:23
44 Defense
1 - 73% - 60% - 3:40
2 - 27% - 40% - 1:20
Last Minute Offensive - 0:00
Last Minute Defensive - 0:00
Total
Forward - 63:29
Defense - 63:29
|
% Time on Ice - Little Stars
Lines # - Real PCT - Wanted PCT - Time Play
Normal Forward
1 - 36% - 40% - 16:55
2 - 28% - 30% - 13:06
3 - 21% - 20% - 9:48
4 - 15% - 10% - 7:15
Normal Defense
1 - 39% - 40% - 18:15
2 - 30% - 30% - 14:20
3 - 19% - 20% - 9:06
4 - 11% - 10% - 5:23
PP Forward
1 - 60% - 60% - 2:59
2 - 40% - 40% - 1:57
PP Defense
1 - 65% - 60% - 3:13
2 - 35% - 40% - 1:43
PK Forward
1 - 66% - 60% - 4:17
2 - 34% - 40% - 2:12
PK Defense
1 - 64% - 60% - 4:08
2 - 36% - 40% - 2:21
PK3 Forward
1 - 0% - 60%
2 - 0% - 40%
PK3 Defense
1 - 0% - 60%
2 - 0% - 40%
44 Forward
1 - 72% - 60% - 3:36
2 - 28% - 40% - 1:24
44 Defense
1 - 51% - 60% - 2:33
2 - 49% - 40% - 2:27
Last Minute Offensive - 0:00
Last Minute Defensive - 0:00
Total
Forward - 63:29
Defense - 63:29
|
Play by Play
1st period
0:01 of 1st period - Riley Sheahan wins face-off versus Brian Flynn in neutral zone.
0:51 of 1st period - Cameron Gaunce is hit by Jesper Fast and loses puck.
0:56 of 1st period - Snap shot by Jesper Fast.
0:56 of 1st period - Shot Blocked by Cameron Gaunce.
1:12 of 1st period - Michael Mersch is hit by Cameron Gaunce and loses puck.
2:14 of 1st period - Off-side.
2:15 of 1st period - Andreas Athanasiou wins face-off versus Mathieu Perreault in neutral zone.
2:17 of 1st period - Off-side.
2:18 of 1st period - Brian Flynn wins face-off versus Andreas Athanasiou in neutral zone.
2:36 of 1st period - Snap shot by Justin Williams.
2:36 of 1st period - Stopped by Peter Delmas with a rebound.
2:58 of 1st period - Snap shot by Brady Skjei.
2:58 of 1st period - Stopped by Peter Delmas with a rebound.
3:00 of 1st period - Snap shot by Justin Williams.
3:00 of 1st period - Shot Misses the Net.
3:23 of 1st period - Snap shot by Jesse Joensuu.
3:23 of 1st period - Stopped by Chet Pickard without a rebound.
3:24 of 1st period - Riley Sheahan wins face-off versus Dana Tyrell in Mustangs zone.
3:36 of 1st period - Minor Penalty to Tyler Wotherspoon for Holding.
3:37 of 1st period - Riley Sheahan wins face-off versus Alex Chiasson in Little Stars zone.
3:43 of 1st period - Wrist shot by Josh Jooris.
3:43 of 1st period - Deflect By Riley Sheahan.
3:43 of 1st period - Shot Hit the Post.
3:43 of 1st period - Puck is out of play.
3:44 of 1st period - Alex Chiasson wins face-off versus Riley Sheahan in Little Stars zone.
3:53 of 1st period - Snap shot by Marcus Foligno.
3:53 of 1st period - Stopped by Peter Delmas with a rebound.
3:55 of 1st period - Snap shot by Riley Sheahan.
3:55 of 1st period - Shot Blocked by Andrej Sustr.
4:13 of 1st period - Snap shot by Tomas Tatar.
4:13 of 1st period - Stopped by Peter Delmas without a rebound.
4:14 of 1st period - Josh Jooris wins face-off versus Hugh Jessiman in Little Stars zone.
4:27 of 1st period - Snap shot by Marcus Foligno.
4:27 of 1st period - Stopped by Peter Delmas with a rebound.
4:29 of 1st period - Slapshot by Riley Sheahan.
4:29 of 1st period - Stopped by Peter Delmas without a rebound.
4:30 of 1st period - Andrew Shaw wins face-off versus Alex Chiasson in Little Stars zone.
5:36 of 1st period - Penalty to Tyler Wotherspoon is over, Tyler Wotherspoon is back on ice.
5:38 of 1st period - Icing by Alex Chiasson.
5:39 of 1st period - Alex Chiasson wins face-off versus Marcus Foligno in Little Stars zone.
5:56 of 1st period - Minor Penalty to Robert Klinkhammer for High sticking.
5:57 of 1st period - Riley Sheahan wins face-off versus Alex Chiasson in Little Stars zone.
5:58 of 1st period - Backhand shot by Josh Jooris.
5:58 of 1st period - Shot Blocked by Andrej Sustr.
6:00 of 1st period - Slapshot by Brady Skjei.
6:00 of 1st period - Deflect By Alex Chiasson.
6:00 of 1st period - Goal by Brady Skjei - Mustangs : 1 - Little Stars : 0.
6:01 of 1st period - Mathieu Perreault wins face-off versus Riley Sheahan in neutral zone.
6:33 of 1st period - Tomas Tatar is hit by Brian Flynn and loses puck.
6:54 of 1st period - Wrist shot by Nail Yakupov.
6:54 of 1st period - Stopped by Chet Pickard with a rebound.
7:47 of 1st period - Brady Skjei is hit by Brian Flynn and loses puck.
7:58 of 1st period - Snap shot by Jesse Joensuu.
7:58 of 1st period - Stopped by Chet Pickard with a rebound.
8:08 of 1st period - Jim O'Brien is hit by Robert Klinkhammer and loses puck.
8:15 of 1st period - Wrist shot by Hugh Jessiman.
8:15 of 1st period - Shot Misses the Net.
8:17 of 1st period - Wrist shot by Hugh Jessiman.
8:17 of 1st period - Shot Blocked by Derek Joslin.
8:47 of 1st period - Mathieu Perreault is hit by Derek Joslin and loses puck.
8:56 of 1st period - Slapshot by Brady Skjei.
8:56 of 1st period - Shot Misses the Net.
9:08 of 1st period - Cameron Gaunce is hit by Brian Flynn and loses puck.
9:29 of 1st period - Wrist shot by Marcus Foligno.
9:29 of 1st period - Shot Misses the Net.
10:18 of 1st period - Mark Pysyk is hit by Yannick Weber and loses puck.
10:23 of 1st period - Wrist shot by Yannick Weber.
10:23 of 1st period - Shot Blocked by Mark Pysyk.
10:43 of 1st period - Wrist shot by Hugh Jessiman.
10:43 of 1st period - Shot Blocked by Mark Pysyk.
10:45 of 1st period - Snap shot by Dana Tyrell.
10:45 of 1st period - Stopped by Chet Pickard without a rebound.
10:46 of 1st period - Jim O'Brien wins face-off versus Dana Tyrell in Mustangs zone.
11:00 of 1st period - Snap shot by Dana Tyrell.
11:00 of 1st period - Stopped by Chet Pickard without a rebound.
11:01 of 1st period - Jim O'Brien wins face-off versus Brian Flynn in Mustangs zone.
11:01 of 1st period - Jim O'Brien is hit by Brian Flynn.
11:11 of 1st period - Wrist shot by Tomas Tatar.
11:11 of 1st period - Goal by Tomas Tatar - Mustangs : 2 - Little Stars : 0.
11:12 of 1st period - Brian Flynn wins face-off versus Riley Sheahan in neutral zone.
11:15 of 1st period - Wrist shot by Jesse Joensuu.
11:15 of 1st period - Stopped by Chet Pickard with a rebound.
11:44 of 1st period - Snap shot by Tomas Tatar.
11:44 of 1st period - Stopped by Peter Delmas without a rebound.
11:45 of 1st period - Riley Sheahan wins face-off versus Dana Tyrell in Little Stars zone.
11:48 of 1st period - Wrist shot by Riley Sheahan.
11:48 of 1st period - Shot Blocked by Robert Klinkhammer.
12:16 of 1st period - Wrist shot by Jesse Joensuu.
12:16 of 1st period - Stopped by Chet Pickard without a rebound.
12:17 of 1st period - Brian Flynn wins face-off versus Jim O'Brien in Mustangs zone.
12:26 of 1st period - Wrist shot by Alex Chiasson.
12:26 of 1st period - Deflect By Brian Flynn.
12:26 of 1st period - Stopped by Chet Pickard without a rebound.
12:27 of 1st period - Riley Sheahan wins face-off versus Brian Flynn in Mustangs zone.
13:06 of 1st period - Snap shot by Alex Chiasson.
13:06 of 1st period - Stopped by Chet Pickard without a rebound.
13:07 of 1st period - Riley Sheahan wins face-off versus Mathieu Perreault in Mustangs zone.
13:11 of 1st period - Off-side.
13:12 of 1st period - Riley Sheahan wins face-off versus Mathieu Perreault in neutral zone.
13:25 of 1st period - Wrist shot by Josh Jooris.
13:25 of 1st period - Shot Blocked by Yannick Weber.
13:27 of 1st period - Wrist shot by Riley Sheahan.
13:27 of 1st period - Stopped by Peter Delmas without a rebound.
13:28 of 1st period - Robert Klinkhammer wins face-off versus Andrew Shaw in Little Stars zone.
13:35 of 1st period - Snap shot by Dana Tyrell.
13:35 of 1st period - Shot Blocked by Derek Joslin.
13:37 of 1st period - Slapshot by Dana Tyrell.
13:37 of 1st period - Stopped by Chet Pickard with a rebound.
13:39 of 1st period - Snap shot by Robert Klinkhammer.
13:39 of 1st period - Stopped by Chet Pickard without a rebound.
13:40 of 1st period - Riley Sheahan wins face-off versus Brian Flynn in Mustangs zone.
13:47 of 1st period - Slapshot by Riley Sheahan.
13:47 of 1st period - Shot Misses the Net.
13:49 of 1st period - Slapshot by Riley Sheahan.
13:49 of 1st period - Goal by Riley Sheahan - Mustangs : 3 - Little Stars : 0.
13:50 of 1st period - Riley Sheahan wins face-off versus Brian Flynn in neutral zone.
14:01 of 1st period - Wrist shot by Riley Sheahan.
14:01 of 1st period - Shot Misses the Net.
14:27 of 1st period - Snap shot by Dana Tyrell.
14:27 of 1st period - Stopped by Chet Pickard with a rebound.
14:47 of 1st period - Wrist shot by Jesper Fast.
14:47 of 1st period - Stopped by Chet Pickard with a rebound.
15:55 of 1st period - Snap shot by Mathieu Perreault.
15:55 of 1st period - Deflect By Denis Bodrov.
15:55 of 1st period - Stopped by Chet Pickard without a rebound.
15:56 of 1st period - Mathieu Perreault wins face-off versus Riley Nash in Mustangs zone.
16:03 of 1st period - Snap shot by Jesper Fast.
16:03 of 1st period - Shot Misses the Net.
16:21 of 1st period - Slapshot by Tyson Barrie.
16:21 of 1st period - Shot Blocked by Cameron Gaunce.
16:23 of 1st period - Wrist shot by Jesper Fast.
16:23 of 1st period - Stopped by Chet Pickard with a rebound.
16:25 of 1st period - Snap shot by Mathieu Perreault.
16:25 of 1st period - Shot Misses the Net.
16:40 of 1st period - Minor Penalty to Jerome Samson for Hooking.
16:41 of 1st period - Brian Flynn wins face-off versus Riley Sheahan in Mustangs zone.
16:45 of 1st period - Wrist shot by Alex Chiasson.
16:45 of 1st period - Shot Misses the Net.
16:47 of 1st period - Slapshot by Andrej Sustr.
16:47 of 1st period - Stopped by Chet Pickard with a rebound.
16:49 of 1st period - Slapshot by Brian Flynn.
16:49 of 1st period - Stopped by Chet Pickard with a rebound.
16:51 of 1st period - Snap shot by Brian Flynn.
16:51 of 1st period - Goal by Brian Flynn - Mustangs : 3 - Little Stars : 1.
16:52 of 1st period - Brian Flynn wins face-off versus Riley Sheahan in neutral zone.
17:16 of 1st period - Icing by Hugh Jessiman.
17:17 of 1st period - Dana Tyrell wins face-off versus Jim O'Brien in Little Stars zone.
17:32 of 1st period - Slapshot by Robert Klinkhammer.
17:32 of 1st period - Stopped by Chet Pickard with a rebound.
17:38 of 1st period - Minor Penalty to Scott Mayfield for Interference.
17:39 of 1st period - Riley Sheahan wins face-off versus Brian Flynn in Mustangs zone.
17:39 of 1st period - Riley Sheahan is hit by Brian Flynn.
17:47 of 1st period - Slapshot by Jesse Joensuu.
17:47 of 1st period - Shot Misses the Net.
17:49 of 1st period - Slapshot by Yannick Weber.
17:49 of 1st period - Deflect By Jesse Joensuu.
17:49 of 1st period - Goal by Jesse Joensuu - Mustangs : 3 - Little Stars : 2.
17:50 of 1st period - Brian Flynn wins face-off versus Riley Sheahan in neutral zone.
18:03 of 1st period - Brady Skjei is hit by Brian Flynn and loses puck.
18:22 of 1st period - Slapshot by Brady Skjei.
18:22 of 1st period - Stopped by Peter Delmas with a rebound.
18:43 of 1st period - Minor Penalty to Mathieu Perreault for Delaying the game.
18:44 of 1st period - Riley Sheahan wins face-off versus Alex Chiasson in Little Stars zone.
19:31 of 1st period - Icing by Derek Joslin.
19:32 of 1st period - Riley Sheahan wins face-off versus Alex Chiasson in Mustangs zone.
Goals for this period are 3 for Mustangs vs 2 for Little Stars.
Shots for this period are 12 for Mustangs vs 20 for Little Stars.
2nd period
0:01 of 2nd period - Riley Sheahan wins face-off versus Alex Chiasson in neutral zone.
0:03 of 2nd period - Off-side.
0:04 of 2nd period - Alex Chiasson wins face-off versus Riley Sheahan in neutral zone.
0:43 of 2nd period - Penalty to Mathieu Perreault is over, Mathieu Perreault is back on ice.
0:49 of 2nd period - Slapshot by Cameron Gaunce.
0:49 of 2nd period - Stopped by Peter Delmas with a rebound.
1:09 of 2nd period - Michael Mersch is hit by Josh Jooris and loses puck.
1:32 of 2nd period - Snap shot by Riley Nash.
1:32 of 2nd period - Stopped by Peter Delmas with a rebound.
1:42 of 2nd period - Brady Skjei is hit by Andrej Sustr and loses puck.
1:53 of 2nd period - Jesse Joensuu is hit by Tomas Tatar and loses puck.
1:58 of 2nd period - Snap shot by Jim O'Brien.
1:58 of 2nd period - Stopped by Peter Delmas with a rebound.
2:00 of 2nd period - Slapshot by Mark Pysyk.
2:00 of 2nd period - Stopped by Peter Delmas with a rebound.
2:02 of 2nd period - Wrist shot by Jim O'Brien.
2:02 of 2nd period - Shot Blocked by Tyler Wotherspoon.
2:04 of 2nd period - Snap shot by Jim O'Brien.
2:04 of 2nd period - Shot Misses the Net.
2:14 of 2nd period - Alex Chiasson is hit by Marcus Foligno.
2:42 of 2nd period - Snap shot by Justin Williams.
2:42 of 2nd period - Shot Misses the Net.
2:44 of 2nd period - Slapshot by Andreas Athanasiou.
2:44 of 2nd period - Shot Blocked by Alex Chiasson.
2:54 of 2nd period - Jesse Joensuu is hit by Jim O'Brien and loses puck.
3:03 of 2nd period - Wrist shot by Andrew Shaw.
3:03 of 2nd period - Stopped by Peter Delmas with a rebound.
3:13 of 2nd period - Brian Flynn is hit by Marcus Foligno and loses puck.
3:32 of 2nd period - Snap shot by Hugh Jessiman.
3:32 of 2nd period - Shot Misses the Net.
3:36 of 2nd period - Snap shot by Hugh Jessiman.
3:36 of 2nd period - Shot Blocked by Cameron Gaunce.
3:38 of 2nd period - Snap shot by Dana Tyrell.
3:38 of 2nd period - Shot Misses the Net.
3:40 of 2nd period - Snap shot by Hugh Jessiman.
3:40 of 2nd period - Goal by Hugh Jessiman - Mustangs : 3 - Little Stars : 3.
3:41 of 2nd period - Riley Sheahan wins face-off versus Dana Tyrell in neutral zone.
4:03 of 2nd period - Icing by Scott Harrington.
4:04 of 2nd period - Jim O'Brien wins face-off versus Dana Tyrell in Little Stars zone.
5:52 of 2nd period - Off-side.
5:53 of 2nd period - Mathieu Perreault wins face-off versus Andreas Athanasiou in neutral zone.
6:45 of 2nd period - Wrist shot by Daniel O'regan.
6:45 of 2nd period - Stopped by Chet Pickard with a rebound.
7:01 of 2nd period - Slapshot by Robert Klinkhammer.
7:01 of 2nd period - Stopped by Chet Pickard with a rebound.
7:03 of 2nd period - Slapshot by Tyler Wotherspoon.
7:03 of 2nd period - Shot Blocked by Derek Joslin.
7:05 of 2nd period - Wrist shot by Hugh Jessiman.
7:05 of 2nd period - Stopped by Chet Pickard with a rebound.
7:07 of 2nd period - Snap shot by Tyson Barrie.
7:07 of 2nd period - Deflect By Robert Klinkhammer.
7:07 of 2nd period - Shot Blocked by Joshua Leivo.
7:07 of 2nd period - Puck is out of play.
7:08 of 2nd period - Riley Sheahan wins face-off versus Brian Flynn in Mustangs zone.
7:08 of 2nd period - Riley Sheahan is hit by Yannick Weber.
7:14 of 2nd period - Snap shot by Josh Jooris.
7:14 of 2nd period - Deflect By Marcus Foligno.
7:14 of 2nd period - Shot Misses the Net.
7:14 of 2nd period - Puck is out of play.
7:15 of 2nd period - Brian Flynn wins face-off versus Riley Sheahan in Little Stars zone.
7:26 of 2nd period - Snap shot by Josh Jooris.
7:26 of 2nd period - Goal by Josh Jooris - Mustangs : 4 - Little Stars : 3.
7:27 of 2nd period - Riley Sheahan wins face-off versus Brian Flynn in neutral zone.
7:30 of 2nd period - Andrej Sustr is hit by Marcus Foligno and loses puck.
8:01 of 2nd period - Slapshot by Andrej Sustr.
8:01 of 2nd period - Deflect By Robert Klinkhammer.
8:01 of 2nd period - Shot Blocked by Tomas Tatar.
8:01 of 2nd period - Puck is out of play.
8:02 of 2nd period - Dana Tyrell wins face-off versus Jim O'Brien in Mustangs zone.
8:35 of 2nd period - Slapshot by Josh Jooris.
8:35 of 2nd period - Deflect By Riley Sheahan.
8:35 of 2nd period - Shot Misses the Net.
8:35 of 2nd period - Puck is out of play.
8:36 of 2nd period - Jesse Joensuu wins face-off versus Jim O'Brien in Little Stars zone.
8:45 of 2nd period - Derek Joslin is hit by Jesse Joensuu and loses puck.
9:46 of 2nd period - Wrist shot by Nail Yakupov.
9:46 of 2nd period - Stopped by Chet Pickard with a rebound.
9:48 of 2nd period - Snap shot by Michael Mersch.
9:48 of 2nd period - Shot Blocked by Scott Mayfield.
9:50 of 2nd period - Slapshot by Reece Willcox.
9:50 of 2nd period - Deflect By Daniel O'regan.
9:50 of 2nd period - Shot Misses the Net.
9:50 of 2nd period - Puck is out of play.
9:51 of 2nd period - Daniel O'regan wins face-off versus Riley Sheahan in Mustangs zone.
9:52 of 2nd period - Slapshot by Michael Mersch.
9:52 of 2nd period - Shot Blocked by Marcus Foligno.
10:17 of 2nd period - Minor Penalty to Josh Jooris for Hooking.
10:18 of 2nd period - Alex Chiasson wins face-off versus Riley Sheahan in Mustangs zone.
10:57 of 2nd period - Snap shot by Robert Klinkhammer.
10:57 of 2nd period - Stopped by Chet Pickard with a rebound.
11:53 of 2nd period - Yannick Weber is hit by Andreas Athanasiou and loses puck.
12:17 of 2nd period - Penalty to Josh Jooris is over, Josh Jooris is back on ice.
12:32 of 2nd period - Backhand shot by Nail Yakupov.
12:32 of 2nd period - Shot Misses the Net.
12:34 of 2nd period - Snap shot by Michael Mersch.
12:34 of 2nd period - Stopped by Chet Pickard with a rebound.
12:36 of 2nd period - Slapshot by Reece Willcox.
12:36 of 2nd period - Stopped by Chet Pickard without a rebound.
12:37 of 2nd period - Riley Nash wins face-off versus Mathieu Perreault in Mustangs zone.
13:13 of 2nd period - Wrist shot by Jim O'Brien.
13:13 of 2nd period - Shot Misses the Net.
13:53 of 2nd period - Snap shot by Brian Flynn.
13:53 of 2nd period - Shot Hit the Post.
13:55 of 2nd period - Slapshot by Andrej Sustr.
13:55 of 2nd period - Stopped by Chet Pickard without a rebound.
13:56 of 2nd period - Riley Sheahan wins face-off versus Mathieu Perreault in Mustangs zone.
14:21 of 2nd period - Andrew Shaw is hit by Alex Chiasson and loses puck.
14:42 of 2nd period - Wrist shot by Hugh Jessiman.
14:42 of 2nd period - Stopped by Chet Pickard without a rebound.
14:43 of 2nd period - Robert Klinkhammer wins face-off versus Riley Nash in Mustangs zone.
14:46 of 2nd period - Snap shot by Dana Tyrell.
14:46 of 2nd period - Shot Blocked by Riley Nash.
15:32 of 2nd period - Marcus Foligno is hit by Brian Flynn and loses puck.
16:47 of 2nd period - Minor Penalty to Brady Skjei for Tripping.
16:48 of 2nd period - Riley Sheahan wins face-off versus Brian Flynn in Mustangs zone.
16:57 of 2nd period - Slapshot by Yannick Weber.
16:57 of 2nd period - Stopped by Chet Pickard with a rebound.
17:15 of 2nd period - Hugh Jessiman is hit by Riley Sheahan and loses puck.
18:47 of 2nd period - Penalty to Brady Skjei is over, Brady Skjei is back on ice.
18:59 of 2nd period - Jerome Samson is hit by Tyson Barrie and loses puck.
19:12 of 2nd period - Daniel O'regan is hit by Tomas Tatar and loses puck.
19:33 of 2nd period - Wrist shot by Jesper Fast.
19:33 of 2nd period - Shot Misses the Net.
Goals for this period are 1 for Mustangs vs 1 for Little Stars.
Shots for this period are 6 for Mustangs vs 11 for Little Stars.
3rd period
0:01 of 3rd period - Brian Flynn wins face-off versus Riley Sheahan in neutral zone.
0:04 of 3rd period - Snap shot by Yannick Weber.
0:04 of 3rd period - Stopped by Chet Pickard without a rebound.
0:05 of 3rd period - Alex Chiasson wins face-off versus Riley Sheahan in Mustangs zone.
0:06 of 3rd period - Snap shot by Jesse Joensuu.
0:06 of 3rd period - Deflect By Alex Chiasson.
0:06 of 3rd period - Shot Misses the Net.
0:06 of 3rd period - Puck is out of play.
0:07 of 3rd period - Brian Flynn wins face-off versus Riley Sheahan in Mustangs zone.
0:12 of 3rd period - Wrist shot by Jesse Joensuu.
0:12 of 3rd period - Shot Misses the Net.
0:14 of 3rd period - Slapshot by Yannick Weber.
0:14 of 3rd period - Goal by Yannick Weber - Mustangs : 4 - Little Stars : 4.
0:15 of 3rd period - Riley Sheahan wins face-off versus Alex Chiasson in neutral zone.
0:26 of 3rd period - Snap shot by Alex Chiasson.
0:26 of 3rd period - Goal by Alex Chiasson - Mustangs : 4 - Little Stars : 5.
0:27 of 3rd period - Brian Flynn wins face-off versus Riley Sheahan in neutral zone.
0:36 of 3rd period - Snap shot by Jesse Joensuu.
0:36 of 3rd period - Stopped by Chet Pickard without a rebound.
0:37 of 3rd period - Brian Flynn wins face-off versus Riley Sheahan in Mustangs zone.
0:54 of 3rd period - Wrist shot by Brady Skjei.
0:54 of 3rd period - Stopped by Peter Delmas with a rebound.
1:02 of 3rd period - Slapshot by Andrej Sustr.
1:02 of 3rd period - Stopped by Chet Pickard with a rebound.
1:04 of 3rd period - Snap shot by Alex Chiasson.
1:04 of 3rd period - Shot Misses the Net.
1:06 of 3rd period - Wrist shot by Jesse Joensuu.
1:06 of 3rd period - Goal by Jesse Joensuu - Mustangs : 4 - Little Stars : 6.
1:07 of 3rd period - Jesse Joensuu wins face-off versus Riley Sheahan in neutral zone.
1:38 of 3rd period - Snap shot by Tomas Tatar.
1:38 of 3rd period - Stopped by Peter Delmas with a rebound.
1:40 of 3rd period - Wrist shot by Tomas Tatar.
1:40 of 3rd period - Shot Misses the Net.
1:42 of 3rd period - Slapshot by Mark Pysyk.
1:42 of 3rd period - Stopped by Peter Delmas without a rebound.
1:43 of 3rd period - Jim O'Brien wins face-off versus Brian Flynn in Little Stars zone.
1:46 of 3rd period - Wrist shot by Tomas Tatar.
1:46 of 3rd period - Stopped by Peter Delmas without a rebound.
1:47 of 3rd period - Jim O'Brien wins face-off versus Brian Flynn in Little Stars zone.
1:48 of 3rd period - Snap shot by Tomas Tatar.
1:48 of 3rd period - Deflect By Jim O'Brien.
1:48 of 3rd period - Stopped by Peter Delmas with a rebound.
1:50 of 3rd period - Slapshot by Brady Skjei.
1:50 of 3rd period - Stopped by Peter Delmas with a rebound.
1:52 of 3rd period - Snap shot by Andrew Shaw.
1:52 of 3rd period - Stopped by Peter Delmas with a rebound.
1:54 of 3rd period - Slapshot by Derek Joslin.
1:54 of 3rd period - Shot Blocked by Jesse Joensuu.
1:56 of 3rd period - Slapshot by Brady Skjei.
1:56 of 3rd period - Stopped by Peter Delmas with a rebound.
1:58 of 3rd period - Snap shot by Jim O'Brien.
1:58 of 3rd period - Shot Misses the Net.
2:12 of 3rd period - Snap shot by Justin Williams.
2:12 of 3rd period - Shot Blocked by Jesse Joensuu.
2:42 of 3rd period - Wrist shot by Riley Sheahan.
2:42 of 3rd period - Deflect By Marcus Foligno.
2:42 of 3rd period - Stopped by Peter Delmas without a rebound.
2:43 of 3rd period - Dana Tyrell wins face-off versus Riley Sheahan in Little Stars zone.
2:54 of 3rd period - Wrist shot by Robert Klinkhammer.
2:54 of 3rd period - Stopped by Chet Pickard with a rebound.
2:56 of 3rd period - Minor Penalty to Marcus Foligno for Delaying the game.
2:57 of 3rd period - Brian Flynn wins face-off versus Riley Sheahan in Mustangs zone.
3:00 of 3rd period - Snap shot by Jesse Joensuu.
3:00 of 3rd period - Shot Blocked by Derek Joslin.
3:02 of 3rd period - Wrist shot by Jesse Joensuu.
3:02 of 3rd period - Stopped by Chet Pickard with a rebound.
3:04 of 3rd period - Snap shot by Jesse Joensuu.
3:04 of 3rd period - Goal by Jesse Joensuu - Mustangs : 4 - Little Stars : 7.
3:05 of 3rd period - Brian Flynn wins face-off versus Riley Sheahan in neutral zone.
3:31 of 3rd period - Mark Pysyk is hit by Yannick Weber and loses puck.
3:38 of 3rd period - Snap shot by Robert Klinkhammer.
3:38 of 3rd period - Stopped by Chet Pickard without a rebound.
3:39 of 3rd period - Jim O'Brien wins face-off versus Dana Tyrell in Mustangs zone.
4:04 of 3rd period - Josh Jooris is hit by Brian Flynn.
4:25 of 3rd period - Justin Williams is hit by Mathieu Perreault and loses puck.
4:32 of 3rd period - Scott Harrington is hit by Justin Williams and loses puck.
4:58 of 3rd period - Wrist shot by Mathieu Perreault.
4:58 of 3rd period - Stopped by Chet Pickard without a rebound.
4:59 of 3rd period - Brian Flynn wins face-off versus Riley Sheahan in Mustangs zone.
6:29 of 3rd period - Snap shot by Riley Sheahan.
6:29 of 3rd period - Stopped by Peter Delmas with a rebound.
6:31 of 3rd period - Backhand shot by Scott Mayfield.
6:31 of 3rd period - Shot Blocked by Tyson Barrie.
7:19 of 3rd period - Wrist shot by Riley Nash.
7:19 of 3rd period - Stopped by Peter Delmas with a rebound.
7:35 of 3rd period - Snap shot by Jesper Fast.
7:35 of 3rd period - Stopped by Chet Pickard without a rebound.
7:36 of 3rd period - Jim O'Brien wins face-off versus Brian Flynn in Mustangs zone.
8:01 of 3rd period - Yannick Weber is hit by Josh Jooris and loses puck.
8:11 of 3rd period - Yannick Weber is hit by Derek Joslin.
8:21 of 3rd period - Mathieu Perreault is hit by Justin Williams and loses puck.
8:30 of 3rd period - Snap shot by Justin Williams.
8:30 of 3rd period - Goal by Justin Williams - Mustangs : 5 - Little Stars : 7.
8:31 of 3rd period - Brian Flynn wins face-off versus Riley Sheahan in neutral zone.
8:33 of 3rd period - Minor Penalty to Yannick Weber for High sticking.
8:34 of 3rd period - Riley Sheahan wins face-off versus Alex Chiasson in Little Stars zone.
10:33 of 3rd period - Penalty to Yannick Weber is over, Yannick Weber is back on ice.
11:05 of 3rd period - Snap shot by Dana Tyrell.
11:05 of 3rd period - Shot Misses the Net.
12:16 of 3rd period - Off-side.
12:17 of 3rd period - Daniel O'regan wins face-off versus Andreas Athanasiou in neutral zone.
12:48 of 3rd period - Snap shot by Andrew Shaw.
12:48 of 3rd period - Goal by Andrew Shaw - Mustangs : 6 - Little Stars : 7.
12:49 of 3rd period - Brian Flynn wins face-off versus Riley Sheahan in neutral zone.
12:52 of 3rd period - Josh Jooris is hit by Jesse Joensuu and loses puck.
13:05 of 3rd period - Snap shot by Riley Sheahan.
13:05 of 3rd period - Stopped by Peter Delmas with a rebound.
13:30 of 3rd period - Robert Klinkhammer is hit by Mark Pysyk and loses puck.
13:49 of 3rd period - Slapshot by Yannick Weber.
13:49 of 3rd period - Shot Misses the Net.
13:51 of 3rd period - Slapshot by Yannick Weber.
13:51 of 3rd period - Shot Misses the Net.
14:51 of 3rd period - Snap shot by Hugh Jessiman.
14:51 of 3rd period - Stopped by Chet Pickard with a rebound.
15:43 of 3rd period - Snap shot by Josh Jooris.
15:43 of 3rd period - Shot Misses the Net.
16:30 of 3rd period - Jesper Fast is hit by Justin Williams and loses puck.
17:32 of 3rd period - Minor Penalty to Brady Skjei for Holding.
17:33 of 3rd period - Riley Sheahan wins face-off versus Brian Flynn in Mustangs zone.
18:00 of 3rd period - Minor Penalty to Robert Klinkhammer for Interference.
18:01 of 3rd period - Alex Chiasson wins face-off versus Riley Sheahan in Little Stars zone.
18:45 of 3rd period - Mustangs, Chet Pickard is pulled from the net.
18:45 of 3rd period - Snap shot by Tomas Tatar.
18:45 of 3rd period - Shot Blocked by Tyler Wotherspoon.
18:47 of 3rd period - Snap shot by Jim O'Brien.
18:47 of 3rd period - Stopped by Peter Delmas with a rebound.
18:51 of 3rd period - Snap shot by Tomas Tatar.
18:51 of 3rd period - Stopped by Peter Delmas with a rebound.
18:53 of 3rd period - Slapshot by Jim O'Brien.
18:53 of 3rd period - Shot Misses the Net.
19:09 of 3rd period - Wrist shot by Andrew Shaw.
19:09 of 3rd period - Goal by Andrew Shaw - Mustangs : 7 - Little Stars : 7.
19:09 of 3rd period - Chet Pickard from Mustangs was sent back in the game.
19:10 of 3rd period - Riley Sheahan wins face-off versus Alex Chiasson in neutral zone.
19:17 of 3rd period - Wrist shot by Marcus Foligno.
19:17 of 3rd period - Shot Misses the Net.
19:32 of 3rd period - Penalty to Brady Skjei is over, Brady Skjei is back on ice.
19:51 of 3rd period - Slapshot by Cameron Gaunce.
19:51 of 3rd period - Stopped by Peter Delmas with a rebound.
19:53 of 3rd period - Backhand shot by Derek Joslin.
19:53 of 3rd period - Shot Blocked by Jesse Joensuu.
19:55 of 3rd period - Snap shot by Cameron Gaunce.
19:55 of 3rd period - Shot Misses the Net.
19:57 of 3rd period - Slapshot by Derek Joslin.
19:57 of 3rd period - Deflect By Tyson Barrie.
19:57 of 3rd period - Stopped by Peter Delmas with a rebound.
0:00 - Penalty to Robert Klinkhammer is over, Robert Klinkhammer is back on ice.
Goals for this period are 3 for Mustangs vs 4 for Little Stars.
Shots for this period are 19 for Mustangs vs 13 for Little Stars.
Overtime #1
0:01 of 1st overtime period - Riley Sheahan wins face-off versus Alex Chiasson in neutral zone.
0:14 of 1st overtime period - Slapshot by Brady Skjei.
0:14 of 1st overtime period - Shot Blocked by Yannick Weber.
0:16 of 1st overtime period - Slapshot by Brady Skjei.
0:16 of 1st overtime period - Shot Blocked by Yannick Weber.
0:48 of 1st overtime period - Wrist shot by Jesse Joensuu.
0:48 of 1st overtime period - Stopped by Chet Pickard without a rebound.
0:49 of 1st overtime period - Riley Sheahan wins face-off versus Alex Chiasson in Mustangs zone.
1:14 of 1st overtime period - Jim O'Brien is hit by Jesse Joensuu and loses puck.
1:27 of 1st overtime period - Slapshot by Jesse Joensuu.
1:27 of 1st overtime period - Stopped by Chet Pickard with a rebound.
1:40 of 1st overtime period - Icing by Tyson Barrie.
1:41 of 1st overtime period - Riley Sheahan wins face-off versus Alex Chiasson in Little Stars zone.
2:08 of 1st overtime period - Slapshot by Hugh Jessiman.
2:08 of 1st overtime period - Shot Misses the Net.
2:10 of 1st overtime period - Slapshot by Andrej Sustr.
2:10 of 1st overtime period - Stopped by Chet Pickard without a rebound.
2:11 of 1st overtime period - Alex Chiasson wins face-off versus Riley Sheahan in Mustangs zone.
2:28 of 1st overtime period - Tyler Wotherspoon is hit by Jim O'Brien and loses puck.
3:09 of 1st overtime period - Marcus Foligno is hit by Brian Flynn and loses puck.
3:21 of 1st overtime period - Off-side.
3:22 of 1st overtime period - Hugh Jessiman wins face-off versus Jim O'Brien in neutral zone.
3:29 of 1st overtime period - Wrist shot by Jesse Joensuu.
3:29 of 1st overtime period - Deflect By Hugh Jessiman.
3:29 of 1st overtime period - Goal by Hugh Jessiman - Mustangs : 7 - Little Stars : 8.
Goals for this period are 0 for Mustangs vs 1 for Little Stars.
Shots for this period are 0 for Mustangs vs 4 for Little Stars.
Back to the Top